 Dungeon Crawl Stone Soup version 0.23.2-1-ga50397a (webtiles) character file.

Game seed: 5661645475149841422

6184 IBeShadow the Quickloader (level 11, 0/71 HPs)
             Began as a Kobold Hunter on Apr 26, 2019.
             Was a Priest of Okawaru.
             Slain by an unseen horror (8 damage)
             ... on level 10 of the Dungeon.
             The game lasted 00:39:17 (13186 turns).

IBeShadow the Quickloader (Kobold Hunter)          Turns: 13186, Time: 00:39:18

Health: 0/71       AC:  7    Str: 12    XL:     11   Next: 13%
Magic:  11/11      EV: 14    Int: 14    God:    Okawaru [***...]
Gold:   485        SH:  0    Dex: 15    Spells: 10/10 levels left

rFire    . . .     SeeInvis .   a - +1 hand crossbow
rCold    . . .     Gourm    .   (shield restricted)
rNeg     . . .     Faith    .   B - +3 leather armour {rPois}
rPois    +         Spirit   .   (no helmet)
rElec    .         Reflect  .   g - scarf {cloud immunity}
rCorr    .         Harm     .   H - +0 pair of gloves
MR       .....                  (no boots)
Stlth    +.........             (no amulet)
HPRegen  0.21/turn              D - ring of flight
MPRegen  0.12/turn              (no ring)

@: silence
A: small, carnivore
a: Renounce Religion, Evoke Flight


You were on level 10 of the Dungeon.
You worshipped Okawaru.
Okawaru was most pleased with you.
You were not hungry.

You visited 2 branches of the dungeon, and saw 12 of its levels.

You collected 485 gold pieces.

Inventory:

Hand Weapons
 a - a +1 hand crossbow (weapon)
 L - a +0 rapier of holy wrath
Missiles
 d - 106 bolts (quivered)
 t - 5 tomahawks of dispersal
Armour
 g - a scarf of cloud immunity (worn)
 w - a +0 cloak
 B - a +3 leather armour of poison resistance (worn)
 H - a +0 pair of gloves (worn)
 K - the +3 leather armour of Jathre Gumul {Int+6 Stlth+}
   (You found it on level 6 of the Dungeon)

   It affects your intelligence (+6).
   It makes you more stealthy.
 M - a +0 ring mail of positive energy
Jewellery
 r - an uncursed ring of fire
 D - a ring of flight (left hand)
 G - an uncursed ring of magical power
 N - an uncursed ring of wizardry
Wands
 k - a wand of random effects (20)
 x - a wand of flame (31)
 y - a wand of iceblast (23)
 O - a wand of digging (7)
 P - a wand of enslavement (8)
Scrolls
 b - 5 scrolls of fear {unknown}
 e - 5 scrolls of enchant weapon
 i - a scroll of identify
 l - 3 scrolls of noise
 m - 3 scrolls of enchant armour {unknown}
 q - 3 scrolls of amnesia
 s - a scroll of fog {unknown}
 u - 8 scrolls of teleportation {unknown}
 v - 5 scrolls of blinking {unknown}
 F - a scroll of magic mapping {unknown}
 Q - a scroll of summoning {unknown}
 R - a scroll of random uselessness {unknown}
 S - a scroll of remove curse {unknown}
Potions
 h - 6 potions of brilliance
 j - a potion of mutation {unknown}
 n - 6 potions of flight
 o - a potion of berserk rage {unknown}
 p - 3 potions of curing
 z - a potion of resistance {unknown}
 A - 2 potions of lignification
 C - 3 potions of agility {unknown}
 I - a potion of cancellation {unknown}
 J - 2 potions of haste {unknown}
Comestibles
 f - 18 rations


   Skills:
 + Level 9.1 Fighting
 + Level 10.4 Short Blades
 * Level 13.8 Crossbows
 - Level 2.4 Dodging
 - Level 1.3 Stealth


You had 10 spell levels left.
You didn't know any spells.
Your spell library contained the following spells:

 Spells                   Type           Power        Failure   Level  Hunger
 Beastly Appendage        Tmut           #.....       36%         1    ##.....
 Magic Dart               Conj           #...         36%         1    ##.....
 Blink                    Tloc           N/A          50%         2    ###....
 Call Imp                 Summ           #.......     50%         2    ###....
 Slow                     Hex            #.......     50%         2    ###....
 Sticks to Snakes         Tmut           #.......     50%         2    ###....
 Conjure Flame            Conj/Fire      #.......     73%         3    ####...
 Mephitic Cloud           Conj/Pois/Air  #.......     73%         3    ####...
 Spider Form              Tmut/Pois      #.........   73%         3    ####...
 Ice Form                 Ice/Tmut       #.......     98%         4    #####..
 Blade Hands              Tmut           #.........   100%        5    ######.


Dungeon Overview and Level Annotations

Branches:
Dungeon (11/15)            Temple (1/1) D:7            Lair (0/6) D:9
    Orc (0/2) D:11

Altars:
Ashenzari
Cheibriados
Dithmenos
Elyvilon
Fedhas
Gozag
Hepliaklqana
Kikubaaqudgha
Makhleb
Nemelex Xobeh
Okawaru
Qazlal
Ru
Sif Muna
Trog
Uskayaw
Vehumet
Wu Jian
Xom
Yredelemnul
Zin
The Shining One
Beogh

Shops:
D:9 ?


Innate Abilities, Weirdness & Mutations

You are small and have problems with some larger weapons.
You are carnivorous and can eat meat at any time.


Message History

Something hits you but does no damage.
Firing (i - inventory. (/) - cycle)
d - 107 bolts (quivered)
Press: ? - help, Shift-Dir - straight line You shoot a bolt.
Something hits you. Something hits you!
* * * LOW HITPOINT WARNING * * *
You feel better. Something barely misses you.
As you read the scroll labeled ONOCONT LANIOT, it crumbles to dust.
You hear a loud clanging noise!
It was a scroll of noise.
You hear a screech!
You hear a shout!
Something hits you.
As you read the scroll labeled VUM MUEHUADGH, it crumbles to dust.
It is a scroll of amnesia.
You feel forgetful for a moment. Something hits you!
* * * LOW HITPOINT WARNING * * *
As you read the scroll labeled HIDYBE VUKUDD, it crumbles to dust.
A profound silence engulfs you.
It was a scroll of silence.
Something hits you!
* * * LOW HITPOINT WARNING * * *
Something hits you!
You die...

...........# #.# #. #.#
.......###.#####. #.#
#................ #.#
.....####.###### #.#
....# #.# #.## #(#.# #.#
#.)## #.#.# #.#
##.#<###.#.####.# #.
#.###@......((..# #.#
##.#.###)#.###### #.#
#..## #.#.# #.# #..#
#.#.# #.# #..# #.... #.#
####..# #..#.
###.#####.##..####....#
##........#.........#.##
.....###.###...######


There were no monsters in sight!

Vanquished Creatures
  A centaur warrior (D:10)
  Grinder (D:4)
  5 yaks
  A wyvern (D:8)
  A hungry ghost (D:10)
  2 basilisks (D:8)
  Duvessa (D:6)
  3 porcupines
  3 ice beasts
  A sky beast (D:7)
  A necrophage (D:6)
  A black bear (D:6)
  8 ogres
  2 crocodiles
  A big kobold (D:11)
  2 bullfrogs
  2 gnoll sergeants
  Dowan (D:6)
  8 scorpions
  4 wights (D:6)
  3 howler monkeys (D:8)
  3 crimson imps
  A bullfrog skeleton (D:6)
  A bullfrog zombie (D:7)
  6 hounds
  4 orc priests
  2 orc wizards
  A jelly (D:5)
  Ijyb (D:3)
  An iguana (D:8)
  7 worker ants
  A killer bee zombie (D:7)
  2 hound skeletons
  A mummy (D:7)
  10 adders
  9 gnolls (D:9)
  5 shadow imps
  2 oozes
  2 worms
  An adder skeleton (D:10)
  3 dart slugs
  7 leopard geckos
  33 orcs
  12 bats
  2 giant cockroaches
  9 goblins
  6 hobgoblins
  16 jackals
  11 kobolds
  3 quokkas
  3 ball pythons
  5 frilled lizards
  A jackal zombie (D:8)
  A leopard gecko skeleton (D:7)
  An orc zombie (D:7)
  2 quokka zombies
  4 rats
231 creatures vanquished.

Vanquished Creatures (others)
  An ogre (D:4)
1 creature vanquished.

Grand Total: 232 creatures vanquished

Notes
Turn   | Place    | Note
-------+----------+-------------------------------------------
     0 | D:1      | IBeShadow the Kobold Hunter began the quest for the Orb.
     0 | D:1      | Reached XP level 1. HP: 12/12 MP: 1/1
    93 | D:1      | Reached skill level 5 in Crossbows
   201 | D:1      | Reached XP level 2. HP: 16/18 MP: 2/2
   206 | D:1      | Reached skill level 1 in Short Blades
   547 | D:1      | Reached XP level 3. HP: 22/22 MP: 3/3
  1212 | D:2      | Reached XP level 4. HP: 17/27 MP: 4/4
  1740 | D:2      | Reached skill level 6 in Crossbows
  1855 | D:2      | Noticed a +0 hand axe
  1856 | D:2      | Found a hide-covered altar of Uskayaw.
  1856 | D:2      | Noticed a +0 dagger
  2457 | D:2      | Reached XP level 5. HP: 32/32 MP: 5/5
  3139 | D:3      | Found an ancient bone altar of Kikubaaqudgha.
  3391 | D:3      | Found a faded altar of an unknown god.
  4204 | D:4      | Noticed Grinder
  4204 | D:4      | Noticed Ijyb
  4204 | D:4      | Noticed a bullfrog
  4326 | D:4      | Paralysed by Grinder for 2 turns
  4347 | D:3      | Killed Ijyb
  4347 | D:3      | Reached XP level 6. HP: 34/38 MP: 6/6
  4450 | D:4      | Reached skill level 7 in Crossbows
  4548 | D:4      | Killed an ogre
  4681 | D:4      | Paralysed by Grinder for 6 turns
  4695 | D:4      | Paralysed by Grinder for 5 turns
  4857 | D:4      | Found a deep blue altar of Sif Muna.
  5035 | D:5      | Entered Level 5 of the Dungeon
  5096 | D:5      | Noticed an ogre
  5103 | D:5      | Killed an ogre
  5103 | D:5      | Reached XP level 7. HP: 44/44 MP: 7/7
  5273 | D:5      | Reached skill level 8 in Crossbows
  5444 | D:5      | Reached skill level 5 in Short Blades
  5485 | D:5      | Reached XP level 8. HP: 48/48 MP: 8/8
  5513 | D:4      | Reached skill level 5 in Fighting
  6176 | D:4      | Killed Grinder
  6176 | D:4      | Reached skill level 9 in Crossbows
  6509 | D:6      | Got a jade-encrusted leather armour
  6510 | D:6      | Identified the +3 leather armour of Jathre Gumul {Int+6
                  | Stlth+} (You found it on level 6 of the Dungeon)
  6733 | D:6      | Noticed Duvessa
  6749 | D:6      | Killed Duvessa
  6749 | D:6      | Reached skill level 10 in Crossbows
  6749 | D:6      | Reached XP level 9. HP: 38/55 MP: 9/9
  6965 | D:6      | Found an iron altar of Okawaru.
  6974 | D:6      | Became a worshipper of Warmaster Okawaru
  6996 | D:6      | Found a shattered altar of Ashenzari.
  7526 | D:6      | Noticed Dowan
  7541 | D:6      | Killed Dowan
  8066 | D:7      | Reached skill level 11 in Crossbows
  8086 | D:7      | Reached * piety under Okawaru
  8439 | D:7      | Found a staircase to the Ecumenical Temple.
  8562 | Temple   | Entered the Ecumenical Temple
  9321 | D:8      | Found a radiant altar of Vehumet.
  9419 | D:8      | Found a roughly hewn altar of Beogh.
  9686 | D:8      | Reached XP level 10. HP: 63/63 MP: 10/10
  9849 | D:8      | Reached ** piety under Okawaru
  9849 | D:8      | Reached skill level 12 in Crossbows
 10482 | D:9      | Found a staircase to the Lair.
 11671 | D:8      | Reached skill level 13 in Crossbows
 12024 | D:9      | Found a bloodstained altar of Trog.
 12059 | D:9      | Reached *** piety under Okawaru
 12128 | D:9      | Found Uvey's Magic Scroll Emporium.
 12263 | D:9      | Found an ornate altar of the Wu Jian Council.
 12300 | D:9      | Identified the +1 robe of Qecwe {+Blink rCorr}
 12316 | D:9      | Found a shimmering altar of Xom.
 12350 | D:9      | Found an opulent altar of Gozag.
 12351 | D:9      | Found a white marble altar of Elyvilon.
 12515 | D:10     | Entered Level 10 of the Dungeon
 12638 | D:10     | Reached skill level 10 in Short Blades
 12961 | D:10     | Reached XP level 11. HP: 67/69 MP: 11/11
 12989 | D:10     | Noticed a centaur warrior
 12998 | D:10     | Killed a centaur warrior
 13001 | D:10     | Noticed a two-headed ogre
 13103 | D:11     | Found a staircase to the Orcish Mines.
 13117 | D:11     | Noticed a two-headed ogre
 13186 | D:10     | Slain by an unseen horror

Skill      XL: |  1  2  3  4  5  6  7  8  9 10 11 |
---------------+----------------------------------+-----
Crossbows      | 5 6 7 8 10 11 13 | 13.8
Short Blades   | 1 2 3 4 5 6 8 10 | 10.4
Fighting       | 3 4 6 7 8 9 |  9.1
Dodging        | |  2.4
Stealth        | |  1.3

Action                   |  1- 3 |  4- 6 |  7- 9 | 10-12 || total
-------------------------+-------+-------+-------+-------++-------
Melee: Short sword       |   106 |    85 |       |       ||   191
       Dagger            |       |    89 |     2 |       ||    91
 Fire: Hand crossbow     |     3 |   105 |   308 |   260 ||   676
Evoke: Wand              |       |       |     4 |     2 ||     6
  Use: Scroll            |       |     4 |     3 |     4 ||    11
       Potion            |       |     2 |     1 |     3 ||     6
 Stab: Sleeping          |       |     1 |       |       ||     1
  Eat: Chunk             |     8 |    14 |    13 |     9 ||    44
Armor: Leather armour    |    18 |     5 |    51 |    48 ||   122
       Ring mail         |     9 |    66 |       |       ||    75
Dodge: Dodged            |    83 |   180 |   116 |   106 ||   485
